 Dungeon Crawl Stone Soup version 0.18-a0-844-g9229740 (webtiles) character file.

123 JokEr the Sneak (level 4, 0/35 HPs)
             Began as a Vampire Assassin on Dec 18, 2015.
             Killed by nerve-wracking pain
             ... invoked by Menkaure
              (14 damage)
             ... on level 4 of the Dungeon.
             The game lasted 00:12:15 (3060 turns).

JokEr the Sneak (Vampire Assassin)                  Turns: 3060, Time: 00:12:16

Health: 0/35       AC: 12    Str: 11    XL:     4   Next: 80%
Magic:  4/4        EV:  2    Int: 13    God:
Gold:   146        SH:  0    Dex: 15    Spells: 0 memorised, 3 levels left

rFire  . . .     SeeInvis +     n - +3 short sword (speed)
rCold  . . .     Gourm    .     a - +0 plate armour
rNeg   + . .     Faith    .     (no shield)
rPois  .         Spirit   .     (no helmet)
rElec  .         Dismiss  .     d - +0 cloak
rCorr  .         Reflect  .     (no gloves)
SustAt .         Harm     .     o - +0 pair of boots
MR     .....                    (no amulet)
Stlth  ..........               (no ring)
                                m - ring of see invisible

@: not resistant to hostile enchantments, extremely unstealthy
A: fangs 3, see invisible, unbreathing
a: Bat Form


You were on level 4 of the Dungeon.
You were not thirsty.

You visited 1 branch of the dungeon, and saw 4 of its levels.
You also visited: Sewer.

You collected 146 gold pieces.

Inventory:

Hand Weapons
 b - a +0 blowgun
 n - a +3 short sword of speed (weapon)
Missiles
 e - 8 poisoned needles
 f - 2 curare-tipped needles
 u - 4 needles of sleeping
Armour
 a - a +0 plate armour (worn)
 d - a +0 cloak (worn)
 o - a +0 pair of boots (worn)
Jewellery
 m - a ring of see invisible (left hand)
Wands
 t - a wand of digging (11)
Scrolls
 l - 2 scrolls of noise
 r - a scroll of magic mapping
 s - 2 scrolls of recharging
 v - a scroll of blinking
Potions
 c - a potion of poison {unknown}
 g - 2 potions of blood
 h - a potion of curing {unknown}
 i - a potion of resistance {unknown}
 j - a potion of agility {unknown}
 k - a potion of ambrosia {unknown}
 p - a potion of heal wounds {unknown}
 q - a potion of flight {unknown}


   Skills:
 + Level 3.5 Fighting
 + Level 4.1 Short Blades
 - Level 1.5 Throwing
 - Level 1.1 Dodging
 - Level 5.8 Stealth


You had 3 spell levels left.
You didn't know any spells.

Dungeon Overview and Level Annotations

Branches:
Dungeon (4/15)
 Temple: D:4-7

Altars:
Zin

Annotations:
D:4 Menkaure


Innate Abilities, Weirdness & Mutations

You have razor-sharp teeth.
You have supernaturally acute eyesight.
You can survive without breathing.


Message History

You hit Menkaure.
Menkaure is lightly damaged.
Menkaure hits you.
Your plate armour prevents you from hitting Menkaure.
Menkaure is lightly damaged.
You hit Menkaure but do no damage. You bite Menkaure.
Menkaure is moderately damaged.
Menkaure hits you.
You hit Menkaure.
Menkaure is moderately damaged.
You hit Menkaure.
Menkaure is heavily damaged.
Menkaure hits you!
You puncture Menkaure!
Menkaure is severely damaged.
You hit Menkaure but do no damage.
Menkaure is severely damaged.
Menkaure casts a spell at you. Pain shoots through your body!
You die...

#.......#
#######.#
#.# #.#
#.# #.#
#.#
#######.#
#.@.....#
#M#######
#. #. #.
#. #. #.


You could see Menkaure.

Vanquished Creatures
  A worker ant (D:4)
  3 adders
  A worm (D:2)
  4 giant geckos (D:3)
  8 giant cockroaches
  5 goblins
  8 hobgoblins
  3 jackals (D:1)
  A quokka (D:3)
  5 ball pythons
  10 bats
  A giant gecko skeleton (D:4)
  9 giant newts
  9 kobolds
  6 rats
74 creatures vanquished.

Notes
Turn   | Place    | Note
--------------------------------------------------------------
     0 | D:1      | JokEr the Vampire Assassin began the quest for the Orb.
     0 | D:1      | Reached XP level 1. HP: 16/16 MP: 1/1
   371 | D:1      | Reached XP level 2. HP: 22/22 MP: 2/2
  1043 | D:1      | Reached XP level 3. HP: 24/28 MP: 3/3
  1541 | D:2      | Found a faded altar to an unknown god.
  1932 | D:3      | Reached XP level 4. HP: 31/35 MP: 4/4
  2127 | D:3      | Found a glowing drain.
  2212 | Sewer    | Entered a sewer
  2212 | Sewer    | Noticed JokEr's ghost (amateur OpTm)
  2853 | D:3      | Found a glowing silver altar of Zin.
  3053 | D:4      | Noticed Menkaure
  3060 | D:4      | Killed from afar by Menkaure

Vault maps used:
D:1:      dpeg_cavernosity
D:2:      ecumenical_altar_1, first_bread
D:3:      zin_statuary, portal_sewer_entry_f
D:4:      lemuel_blue_sif_altar, minmay_bisected, uniq_menkaure
Sewer:    sewer_co_tree

Action                   |  1- 3 |  4- 6 || total
-------------------------+-------+-------++-------
Melee: Dagger            |    65 |       ||    65
       Short sword       |    68 |   113 ||   181
  Use: Scroll            |     8 |     2 ||    10
       Potion            |     3 |     3 ||     6
 Stab: Sleeping          |    12 |       ||    12
